 Dungeon Crawl Stone Soup version 0.28-a0-533-g9f97627e2a (webtiles) character file.

Game seed: 18354703082334380646

1600 Gwenloh the Basher (level 8, -3/46 HPs)
             Began as a Gargoyle Fighter on Sept 25, 2021.
             Was a Follower of Zin.
             Slain by a steam dragon (8 damage)
             ... on level 5 of the Dungeon.
             The game lasted 00:14:20 (7215 turns).

Gwenloh the Basher (Gargoyle Fighter)               Turns: 7215, Time: 00:14:21

Health: -3/46      AC: 12    Str: 21    XL:     8   Next: 94%
Magic:  11/11      EV:  9    Int:  8    God:    Zin [*.....]
Gold:   214        SH:  4    Dex: 11    Spells: 7/7 levels left

rFire   . . .      SeeInvis .   m - +0 flail (vorpal)
rCold   . . .      Faith    .   c - +0 buckler
rNeg    + + .      Spirit   .   b - +0 scale mail
rPois   ∞          Reflect  .   x - +0 hat {Stlth+}
rElec   +          Harm     .   (no cloak)
rCorr   .          Rampage  .   (no gloves)
Will    .....                   (no boots)
Stlth   +.........              (no amulet)
HPRegen 0.15/turn               u - ring of positive energy
MPRegen 0.12/turn               (no ring)

@: no status effects
A: sickness immunity, AC +5, negative energy resistance 1, electricity
resistance, torment resistance 1, petrification resistance
a: Renounce Religion, Recite, Donate Gold


You were on level 5 of the Dungeon.
You worshipped Zin.
Zin was aware of your devotion.
You visited 2 branches of the dungeon, and saw 7 of its levels.

You collected 237 gold pieces.
You donated 23 gold pieces to Zin.

Inventory:

Hand Weapons
 a - a +0 flail
 m - a +0 vorpal flail (weapon)
Missiles
 d - a throwing net
 e - 128 stones (quivered)
 f - 23 bolts
 o - 4 javelins
Armour
 b - a +0 scale mail (worn)
 c - a +0 buckler (worn)
 s - a +0 kite shield
 x - a +0 hat of stealth (worn)
Jewellery
 u - a ring of positive energy (left hand)
Wands
 p - a wand of digging (3)
Scrolls
 h - 2 scrolls of teleportation {unknown}
 j - 4 scrolls of fog {unknown}
 k - 3 scrolls of magic mapping
 n - 2 scrolls of immolation {unknown}
 q - 2 scrolls of fear {unknown}
 t - a scroll of identify {unknown}
 v - a scroll of enchant armour {unknown}
Potions
 g - a potion of attraction {unknown}
 i - a potion of haste {unknown}
 l - 3 potions of curing {unknown}
 r - a potion of ambrosia {unknown}
 w - a potion of brilliance {unknown}
 z - a potion of degeneration {unknown}
 A - a potion of flight {unknown}


   Skills:
 - Level 3.2 Fighting
 * Level 9.9 Maces & Flails
 - Level 3.2 Armour
 - Level 4.0 Shields
 + Level 4.8 Invocations


You had 7 spell levels left.
You didn't know any spells.
Your spell library was empty.

Dungeon Overview and Level Annotations

Branches:
Dungeon (6/15)             Temple (1/1) D:4

Altars:
Ashenzari
Dithmenos
Elyvilon
Fedhas
Hepliaklqana
Kikubaaqudgha
Makhleb
Okawaru
Qazlal
Ru
Sif Muna
Trog
Uskayaw
Vehumet
Xom
Yredelemnul
Zin

Shops:
D:2 *


Innate Abilities, Weirdness & Mutations

You are immune to sickness and miasma.
Your stone body is resilient. (AC +5)
You are immune to poison.
You resist negative energy. (rN+)
You are resistant to electric shocks. (rElec)
You are resistant to unholy torment.
You are immune to petrification.


Message History

There is a stone staircase leading down here.
You start resting.
HP restored.
You climb downwards.
There is a stone staircase leading up here.
You start waiting.
Done waiting.
There is an escape hatch in the floor here.
You now have 214 gold pieces (gained 4).
The steam dragon hisses angrily.
The jelly quivers.
A hound comes into view.
There is an escape hatch in the floor here.
You sock the jelly!
You kill the jelly!
The steam dragon breathes steam at you. The ball of steam hits you!
You are engulfed in a cloud of scalding steam.
There is a stone staircase leading up here.
You climb upwards.
There is a stone staircase leading down here.
You start resting.
HP restored.
You climb downwards.
The steam dragon breathes steam at you. The ball of steam hits you!
There is a stone staircase leading up here.
You closely miss the steam dragon.
You are engulfed in a cloud of scalding steam.
The steam dragon breathes steam at you. The ball of steam hits you!
* * * LOW HITPOINT WARNING * * *
You are engulfed in a cloud of scalding steam.
* * * LOW HITPOINT WARNING * * *
The steam dragon completely misses you. The steam dragon misses you.
You climb upwards.
There is a stone staircase leading down here.
Unknown command.
The steam dragon bites you!
You die...

...# #.# #..#
...##########.# #..#
...........##.# #..#
...........##.# #..#
##.........##.# #..#
#.........##.# #..#
#.........##.# #..#
##.)......<##.######## #..#
.).)..........#.@....# #..#
...)..........>D####.# #..#
##....####.##..<...#.# #..#
#....# #..........#.# #..#
###### #.......#.##.# #..#
#########......#####.###..#
.......................#..#
...........#.........#.#..#
.........###....######.#..#


You could see a steam dragon.

Vanquished Creatures
  Sigmund (D:3)
  3 necrophages
  An ogre (D:4)
  A water moccasin zombie (D:4)
  4 killer bees (D:5)
  3 wights (D:4)
  A bullfrog zombie (D:5)
  A human zombie (D:4)
  2 jellies
  4 orc priests
  A centaur skeleton (D:3)
  A hound (D:4)
  2 iguanas
  2 scorpion zombies (D:4)
  4 orc wizards
  Ijyb (D:3)
  A howler monkey zombie (D:4)
  A mummy (D:4)
  10 adders
  3 gnolls (D:4)
  2 worms
  A dart slug (D:5)
  14 orcs
  A ball python (D:3)
  6 endoplasms
  11 giant cockroaches
  2 goblins
  5 hobgoblins
  2 jackals (D:5)
  2 quokkas
  4 bats
  5 frilled lizards
  A jackal zombie (D:4)
  3 kobolds
  2 rats
108 creatures vanquished.

Notes
Turn   | Place    | Note
-------+----------+-------------------------------------------
     0 | D:1      | Gwenloh the Gargoyle Fighter began the quest for the Orb.
     0 | D:1      | Reached XP level 1. HP: 14/14 MP: 1/1
   252 | D:1      | Reached XP level 2. HP: 19/19 MP: 2/2
   992 | D:1      | Found a faded altar of an unknown god.
  1156 | D:2      | Reached XP level 3. HP: 8/23 MP: 3/3
  1470 | D:2      | Reached skill level 3 in Maces & Flails
  1653 | D:2      | Reached XP level 4. HP: 23/28 MP: 4/4
  1776 | D:2      | Found Taipoism's General Store.
  2301 | D:3      | Reached skill level 4 in Maces & Flails
  2352 | D:3      | Noticed Ijyb
  2363 | D:3      | Killed Ijyb
  2416 | D:3      | Reached XP level 5. HP: 22/32 MP: 5/5
  2434 | D:3      | Reached skill level 5 in Maces & Flails
  3102 | D:3      | Noticed Sigmund
  3358 | D:3      | Killed Sigmund
  3359 | D:3      | Reached skill level 6 in Maces & Flails
  3359 | D:3      | Reached XP level 6. HP: 17/37 MP: 6/6
  3698 | D:3      | You fall into a shaft and drop 1 floor!
  4188 | D:4      | Found a staircase to the Ecumenical Temple.
  4202 | D:4      | Reached skill level 7 in Maces & Flails
  4202 | D:4      | Reached XP level 7. HP: 24/41 MP: 7/7
  4205 | Temple   | Entered the Ecumenical Temple
  4344 | Temple   | Became a worshipper of Zin the Law-Giver
  4344 | Temple   | Reached * piety under Zin
  4837 | D:4      | Reached skill level 1 in Invocations
  5129 | D:4      | Reached skill level 8 in Maces & Flails
  5142 | D:4      | Found an ancient bone altar of Kikubaaqudgha.
  5278 | D:4      | Reached XP level 8. HP: 20/46 MP: 8/10
  5706 | D:4      | Reached skill level 9 in Maces & Flails
  5751 | D:5      | Entered Level 5 of the Dungeon
  6272 | D:5      | Found a shimmering blue altar of Sif Muna.
  7215 | D:5      | Slain by a steam dragon

Illustrated notes

Levels and vault maps discovered:
D:1:      lightli_arrival_lavapool, layout_basic,
          shapermc_ecumenical_altar_ellora
D:2:      layout_basic, serial_shops, nicolae_shop_stone
D:3:      minmay_roachtagon, layout_rooms, portal_sewer_entry_e,
          minmay_hedge_maze, kennysheep_generic_room_14, uniq_ijyb, uniq_sigmund
D:4:      layout_loops_ring, lemuel_mausoleum_altar_kikubaaqudgha,
          minmay_temple_entry_proselytizer, item_on_display_a
D:5:      layout_basic, lemuel_doored_altar
D:6:      layout_rooms, slow_altar_2, minmay_lizard_king, uniq_blork_the_orc
Temple:   minmay_freezing_vapour_temple

Skill      XL: |  1  2  3  4  5  6  7  8 |
---------------+-------------------------+-----
Shields        | 4 |  4.0
Maces & Flails | 3 4 6 7 8 9 |  9.9
Invocations    | 2 4 |  4.8
Fighting       | |  3.2
Armour         | |  3.2

Action                   |  1- 3 |  4- 6 |  7- 9 || total
-------------------------+-------+-------+-------++-------
Melee: Flail             |    94 |   170 |   206 ||   470
Throw: Stone             |    32 |    60 |    62 ||   154
       Javelin           |       |     6 |       ||     6
Invok: Recite            |       |       |     5 ||     5
  Use: Potion            |       |     2 |       ||     2
       Scroll            |       |     1 |       ||     1
Armor: Scale mail        |    46 |    80 |    83 ||   209
Dodge: Dodged            |    38 |    59 |    73 ||   170
Block: Buckler           |    17 |    28 |    34 ||    79

Table legend: (Time is in decaauts)
 A = Elapsed time spent in this place.
 B = Non-inter-level travel time spent in this place.
 C = Inter-level travel time spent in this place.
 D = Time resting spent in this place.
 E = Time spent auto-exploring this place.
 F = Levels seen in this place.
 G = Mean time per level.
                   A        B        C        D        E       F      G
               +--------+--------+--------+--------+--------+-----+--------+
         Total |   7286 |   7095 |    191 |   1888 |   3941 |   7 | 1040.9 |
       Dungeon |   7141 |   6950 |    191 |   1762 |   3941 |   6 | 1190.2 |
        Temple |    144 |    144 |      0 |    126 |      0 |   1 |  144.0 |
               +--------+--------+--------+--------+--------+-----+--------+

Top non-repeatable levels by time:
     D:2: 1715 daAuts
     D:4: 1578 daAuts
     D:5: 1299 daAuts
     D:3: 1231 daAuts
     D:1: 1154 daAuts
     D:6: 162 daAuts
  Temple: 144 daAuts
